 Dungeon Crawl Stone Soup version 0.28.0-47-ge53b351184 (webtiles) character file.

Game seed: 2648418173634966928

186 Icepheonix32 the Chiller (level 5, 0/38 HPs)
             Began as a Demonspawn Ice Elementalist on Apr 25, 2022.
             Slain by a bullfrog skeleton (3 damage)
             ... on level 4 of the Dungeon.
             The game lasted 00:03:31 (3083 turns).

Icepheonix32 the Chiller (DsIE)                     Turns: 3083, Time: 00:03:32

Health: 0/38       AC:  3    Str: 10    XL:     5   Next: 38%
Magic:  8/8        EV: 12    Int: 17    God:
Gold:   84         SH:  0    Dex: 13    Spells: 7/8 levels left

rFire   . . .      SeeInvis .   d - +0 spear
rCold   . . .      Faith    .   (no shield)
rNeg    . . .      Spirit   .   a - +0 robe
rPois   .          Reflect  .   (no helmet)
rElec   .          Harm     .   (no cloak)
rCorr   .          Rampage  .   (no gloves)
Will    .....                   (no boots)
Stlth   ++........              (no amulet)
HPRegen 0.12/turn               (no ring)
MPRegen 0.22/turn               (no ring)

@: no status effects
A: magic regeneration, sharp scales 1
a: no special abilities


You were on level 4 of the Dungeon.
You visited 1 branch of the dungeon, and saw 4 of its levels.

You collected 84 gold pieces.

Inventory:

Hand Weapons
 c - a +0 dagger
 d - a +0 spear (weapon)
Armour
 a - a +0 robe (worn)
Jewellery
 e - a +6 ring of strength
 i - a ring of fire
Wands
 g - a wand of digging (4)
Scrolls
 f - a scroll of identify {unknown}
Potions
 b - a potion of magic {unknown}
 h - a potion of curing
 j - a potion of flight {unknown}


   Skills:
 * Level 1.7 Fighting
 - Level 1.7 Dodging
 - Level 1.7 Stealth
 - Level 2.0 Spellcasting
 * Level 5.8 Ice Magic


You had 7 spell levels left.
You knew the following spells:

 Your Spells              Type           Power      Damage    Failure   Level
a - Freeze                Ice            84%        1d10      1%          1

Your spell library contained the following spells:

 Spells                   Type           Power      Damage    Failure   Level
 Frozen Ramparts          Ice            42%        1d6       5%          3
 Ozocubu's Armour         Ice            21%        N/A       5%          3
 Hailstorm                Conj/Ice       11%        3d5       50%         4


Dungeon Overview and Level Annotations

Branches:
Dungeon (3/15)

Altars:
Gozag
Xom

Shops:
D:2 =


Innate Abilities, Weirdness & Mutations

You regenerate magic rapidly.
You are partially covered in razor-sharp scales. (AC +1, Slay +1)


Message History

The bullfrog skeleton closely misses you.
You feel better.
The bullfrog skeleton barely misses you.
You hit the bullfrog skeleton.
You destroy the bullfrog skeleton!
You hear the slow hiss of a distant avalanche of sand.
j - a smoky purple potion You see here a +0 mace.
You see here a giant cockroach corpse.
There is an opulent altar of Gozag here.
Found 16 gold pieces.
Found a scroll labelled VAHIZXE CUUG.
Found a stone staircase leading up.
A worm comes into view.
Found 13 arrows and 11 gold pieces.
You are too injured to fight recklessly!
You are too injured to fight recklessly!
You are too injured to fight recklessly!
You are too injured to fight recklessly!
You are too injured to fight recklessly!
You are too injured to fight recklessly!
You are too injured to fight recklessly!
You hit the bullfrog skeleton.
The bullfrog skeleton is lightly damaged.
The bullfrog skeleton hits you but does no damage.
You hit the bullfrog skeleton.
The bullfrog skeleton is moderately damaged.
The bullfrog skeleton hits you.
You hit the bullfrog skeleton.
The bullfrog skeleton is moderately damaged.
The bullfrog skeleton misses you. The bullfrog skeleton hits you.
* * * LOW HITPOINT WARNING * * *
You hit the bullfrog skeleton.
The bullfrog skeleton is heavily damaged.
The bullfrog skeleton hits you but does no damage.
You hit the bullfrog skeleton.
The bullfrog skeleton is severely damaged.
The bullfrog skeleton hits you.
* * * LOW HITPOINT WARNING * * *
The bullfrog skeleton hits you.
You die...

#... +... #..w. .
#...?#####+##..
#..............
#...........$..
#(.....Z........#
###@###.....# #
#....$#.....+ .
#.#.### #...# 5#
#.._..# #...####.###
###†#.# #....>......
#.....###......$....
###.###.............
#..................
#.....##..######.##


You could see a worm and a bullfrog skeleton.

Vanquished Creatures
  A bullfrog skeleton (D:4)
  Ijyb (D:3)
  Jessica (D:3)
  5 adders
  An adder skeleton (D:4)
  A worm (D:2)
  5 dart slugs
  2 orcs
  6 endoplasms
  2 giant cockroaches
  3 goblins
  3 hobgoblins
  A quokka (D:2)
  5 ball pythons
  3 bats
  A frilled lizard (D:3)
  5 kobolds
  A rat (D:2)
47 creatures vanquished.

Notes
Turn   | Place    | Note
-------+----------+-------------------------------------------
     0 | D:1      | Icepheonix32 the Demonspawn Ice Elementalist began the
                  | quest for the Orb.
     0 | D:1      | Reached XP level 1. HP: 13/13 MP: 3/3
   260 | D:1      | Reached skill level 4 in Ice Magic
   297 | D:1      | Gained mutation: You are partially covered in razor-sharp
                  | scales. (AC +1, Slay +1) [demonic ancestry]
   297 | D:1      | Reached XP level 2. HP: 19/19 MP: 5/5
   959 | D:2      | Found Giorphid's Jewellery Emporium.
  1521 | D:2      | Reached XP level 3. HP: 25/25 MP: 2/6
  1650 | D:2      | Found a faded altar of an unknown god.
  2532 | D:3      | Reached skill level 1 in Fighting
  2570 | D:3      | Noticed Ijyb
  2592 | D:3      | Killed Ijyb
  2593 | D:3      | Reached skill level 5 in Ice Magic
  2593 | D:3      | Gained mutation: You regenerate magic rapidly. [demonic
                  | ancestry]
  2593 | D:3      | Reached XP level 4. HP: 13/32 MP: 0/7
  2807 | D:3      | Noticed Jessica
  2812 | D:3      | Killed Jessica
  2879 | D:3      | Found a shimmering altar of Xom.
  2907 | D:3      | You fall into a shaft and drop 1 floor!
  2907 | D:4      | Found an opulent altar of Gozag.
  2912 | D:4      | Reached XP level 5. HP: 35/37 MP: 4/8
  3005 | D:4      | Noticed a lemure
  3083 | D:4      | Slain by a bullfrog skeleton

Illustrated notes

Levels and vault maps discovered:
D:1:      psy_arrival_conway, layout_basic
D:2:      layout_basic, chequers_ecumenical_altar_grove, serial_shops, shop
D:3:      layout_basic, mainiacjoe_overflow_alcove_2,
          gammafunk_ghost_abyssal_escape, uniq_jessica, uniq_ijyb
D:4:      minmay_diamond_boxcup, layout_gridville,
          nicolae_gozag_cash_rules_everything_around_me, temple_doors_e,
          enter_ossuary_4, nrook_campfire, minmay_misc_feat_nine_boxes,
          serial_bayou_crossing, uniq_natasha, uniq_pikel

Skill      XL: |  1  2  3 |
---------------+----------+-----
Ice Magic      | 4 5 |  5.8
Fighting       | 1 |  1.7
Dodging        | |  1.7
Stealth        | |  1.7
Spellcasting   | |  2.0

Action                   |  1- 3 |  4- 6 || total
-------------------------+-------+-------++-------
Melee: Dagger            |    11 |       ||    11
       Punch             |     2 |       ||     2
       Spear             |    75 |    36 ||   111
 Cast: Freeze            |    34 |    21 ||    55
  Use: Potion            |     3 |     1 ||     4
 Stab: Sleeping          |     5 |     1 ||     6
Armor: Robe              |    16 |     9 ||    25
Dodge: Dodged            |    50 |    33 ||    83
